AoeStats
← Yaumy

Lombardia

507576610Analyzed
2v2 RM · 15d ago on Sep 18, 2026· 52m 4s· 4 players
Game mode
Random Map
Map size
Medium (4 player)
Population
200
Speed
Normal
Resources
Standard
Victory
Conquest
Starting age
Dark Age
Ending age
Imperial Age
RankedLock teamsTeams togetherTeam positionsShared explorationLock speedFull tech treeHidden civsTurbo modeCheats
Victory
Defeat
🇫🇷 Maya · France
1515
+17
🇫🇷 Spanish · France
1515
+17
🇹🇷 Byzantines · Türkiye
1538
-17
🇹🇷 Aztecs · Türkiye
1532
-17
WILLIAM WILTZ
6:03 Loom
9:09 Feudal Age
9:51 Double-Bit Axe
12:04 Forging
12:04 Horse Collar
15:54 Bloodlines
19:05 Scale Barding Armor
25:24 Castle Age
23:39 Gold Mining
25:31 Light Cavalry
26:16 Husbandry
27:08 Chain Barding Armor
29:58 Wheelbarrow
31:15 Bow Saw
34:08 Iron Casting
35:20 Stone Mining
39:46 Imperial Age
39:03 Hand Cart
40:06 Fletching
40:34 Cavalier
42:30 Plate Barding Armor
43:26 Blast Furnace
46:06 Paladin
47:16 Bodkin Arrow
Yaumy
0:28 Loom
9:31 Feudal Age
13:25 Double-Bit Axe
15:22 Wheelbarrow
17:31 Fletching
19:15 Horse Collar
25:09 Castle Age
24:50 Padded Archer Armor
26:33 Thumb Ring
26:40 Bow Saw
28:02 Ballistics
27:51 Gold Mining
28:12 Bodkin Arrow
30:01 Leather Archer Armor
32:10 Heavy Plow
36:34 Hand Cart
39:54 Imperial Age
38:33 Town Watch
40:04 Masonry
40:37 Bracer
41:38 Chemistry
41:58 Elite Plumed Archer
43:54 Conscription
45:22 Crop Rotation
45:53 Two-Man Saw
46:16 Ring Archer Armor
47:14 Hoardings
46:46 Capped Ram
49:14 Siege Ram
Smoke Monkey.Mua
9:26 Feudal Age
11:10 Double-Bit Axe
13:06 Gold Mining
15:11 Town Watch
15:17 Loom
17:21 Arson
19:05 Wheelbarrow
19:39 Loom
19:48 Horse Collar
22:54 Castle Age
21:34 Scale Mail Armor
21:45 Forging
22:59 Eagle Warrior
23:41 Squires
25:06 Chain Mail Armor
26:55 Bow Saw
38:57 Imperial Age
36:41 Horse Collar
39:26 Iron Casting
39:05 Elite Eagle Warrior
40:20 Plate Mail Armor
41:19 Blast Furnace
40:45 Garland Wars
41:43 Hand Cart
42:34 Pikeman
ayz1912
6:02 Loom
8:59 Feudal Age
14:38 Double-Bit Axe
17:19 Wheelbarrow
16:26 Horse Collar
20:10 Forging
19:54 Fletching
23:03 Castle Age
22:24 Gold Mining
23:44 Bodkin Arrow
23:29 Crossbowman
25:23 Padded Archer Armor
26:25 Hand Cart
27:09 Gold Shaft Mining
28:43 Heavy Plow
28:54 Bow Saw
31:29 Pikeman
38:47 Imperial Age
41:04 Bracer
41:50 Ballistics
42:31 Chemistry
41:33 Scale Mail Armor
41:43 Forging
43:24 Fortified Wall
42:55 Halberdier
43:44 Stone Mining
44:17 Elite Skirmisher
45:14 Chain Mail Armor
45:35 Iron Casting
46:41 Squires
46:26 Arson
47:26 Plate Mail Armor
49:08 Leather Archer Armor
52:31 Crop Rotation
53:02 Two-Man Saw
Connection lost

Rejoining the realm…

Still unreachable

The connection could not be restored.

Session expired

The server has moved on; the page needs a fresh start.